 Dungeon Crawl Stone Soup version 0.27-a0-681-g0c81a3c1c3 (webtiles) character file.

Game seed: 13625005026899421910

127 Lanoc the Skirmisher (level 4, -1/45 HPs)
             Began as a Troll Abyssal Knight on Mar 19, 2021.
             Was a Follower of Lugonu.
             Slain by an orc priest
             ... wielding a +0 war axe
              (8 damage)
             ... on level 3 of the Dungeon.
             The game lasted 00:02:36 (939 turns).

Lanoc the Skirmisher (Troll Abyssal Knight)          Turns: 939, Time: 00:02:36

Health: -1/45      AC:  4    Str: 20    XL:     4   Next: 85%
Magic:  4/4        EV: 10    Int:  8    God:    Lugonu [*.....]
Gold:   21         SH:  0    Dex: 10    Spells: 3/3 levels left

rFire    . . .     SeeInvis .   a - +1 spear
rCold    . . .     Faith    .   (no shield)
rNeg     . . .     Spirit   .   b - +0 robe
rPois    .         Reflect  .   (helmet restricted)
rElec    .         Harm     .   (no cloak)
rCorr    .         Rampage  .   (gloves unavailable)
Will     .....                  (boots unavailable)
Stlth    +.........             (no amulet)
HPRegen  1.15/turn              (no ring)
MPRegen  0.09/turn              (no ring)

@: confused, ambrosia-drunk, attractive
A: large, unfitting armour, claws 3, regeneration 1, shaggy fur 1, tough skin 1
a: Renounce Religion, Depart the Abyss


You were on level 3 of the Dungeon.
You worshipped Lugonu.
Lugonu was aware of your devotion.
You visited 1 branch of the dungeon, and saw 3 of its levels.
You visited the Abyss 1 time.

You collected 21 gold pieces.

Inventory:

Hand Weapons
 a - a +1 spear (weapon)
Armour
 b - a +0 robe (worn)
Scrolls
 c - 2 scrolls of identify {unknown}
 e - a scroll of blinking {unknown}
 j - a scroll of magic mapping {unknown}
Potions
 g - 2 potions of curing {unknown}
 h - a potion of degeneration {unknown}
 i - a potion of mutation {unknown}


   Skills:
 + Level 3.0 Fighting
 * Level 2.9 Polearms
 + Level 2.5 Dodging
 + Level 2.4 Invocations


You had 3 spell levels left.
You didn't know any spells.
Your spell library was empty.

Dungeon Overview and Level Annotations

Branches:
Dungeon (3/15)

Altars:


Innate Abilities, Weirdness & Mutations

You are too large for most types of armour.
You have claws for hands.
Your natural rate of healing is unusually fast.
You are covered in fur. (AC +1)
You have tough skin. (AC +1)


Message History

No target in view!
No target in view!
You stumble into a teleport trap!
You are suddenly yanked towards some nearby monsters!
Your surroundings suddenly seem different.
An orc priest comes into view.
It is wielding a +0 war axe and wearing a +1 leather armour of fire resistance.
The orc priest shouts!
An orc comes into view. It is wielding a +0 flail.
The orc shouts!
An orc comes into view. It is wielding a +0 flail.
The orc shouts!
An adder comes into view.
The adder hisses angrily.
The orc priest hits you with a +0 war axe.
The orc barely misses you.
An orc comes into view. It is wielding a +0 flail.
The adder moves out of view.
An orc comes into view. It is wielding a +0 war axe.
The orc priest misses you.
You hit the orc but do no damage. The orc hits you with a +0 flail!
The orc priest calls down the wrath of Beogh upon you.
Beogh smites you! The orc hits you with a +0 flail.
It was a potion of ambrosia.
You are confused.
You feel invigorated. The orc hits you but does no damage. x2
The orc priest misses you. The orc closely misses you.
The orc hits you with a +0 flail.
You closely miss the orc. The orc hits you with a +0 flail!
The orc priest miscasts a cantrip.
The orc hits you with a +0 war axe. The orc barely misses you. x2
You barely miss the orc priest. The orc hits you with a +0 flail.
The orc priest hits you with a +0 war axe!
* * * LOW HITPOINT WARNING * * *
The orc barely misses you. x2; The orc hits you with a +0 flail.
* * * LOW HITPOINT WARNING * * *
It was a potion of attraction.
You feel attractive to monsters. The orc closely misses you.
The orc misses you.
The orc priest hits you with a +0 war axe!
You die...

# # ### #.. #
#######o### ..
......So@o# .#
.#.###o#o.....#
.# #.....##.#
## #######
##### ....#
###.#


You could see an orc priest, an adder and 4 orcs.

Vanquished Creatures
  Terence (D:2)
  Jessica (D:2)
  3 adders
  2 gnolls (D:3)
  A white imp (Abyss:1)
  An orc (D:3)
  A giant cockroach (D:2)
  3 goblins
  2 hobgoblins
  3 jackals (D:3)
  A kobold (D:3)
  4 bats
  A rat (D:3)
24 creatures vanquished.

Notes
Turn   | Place    | Note
-------+----------+-------------------------------------------
     0 | Abyss:1  | Lanoc the Troll Abyssal Knight began the quest for the Orb.
     0 | Abyss:1  | Reached XP level 1. HP: 22/22 MP: 1/1
    68 | Abyss:1  | Noticed an orange demon
    95 | Abyss:1  | Noticed a bone dragon
   127 | Abyss:1  | Noticed a six-headed hydra skeleton
   134 | Abyss:1  | Noticed a worldbinder
   139 | Abyss:1  | Noticed a deep elf zephyrmancer
   139 | Abyss:1  | Noticed a deep elf archer
   140 | D:1      | Escaped the Abyss
   221 | D:2      | Reached XP level 2. HP: 29/29 MP: 2/2
   288 | D:2      | Noticed Jessica
   301 | D:2      | Killed Jessica
   302 | D:2      | Reached XP level 3. HP: 30/36 MP: 3/3
   416 | D:2      | Noticed Terence
   438 | D:2      | Killed Terence
   439 | D:2      | Reached XP level 4. HP: 14/44 MP: 4/4
   550 | D:3      | Reached * piety under Lugonu
   789 | D:3      | Reached skill level 3 in Fighting
   939 | D:3      | Slain by an orc priest

Illustrated notes

Levels and vault maps discovered:
D:1:      psy_arrival_statuary, layout_basic
D:2:      layout_loops_corners, general_overflow_altar, uniq_terence,
          uniq_jessica, uniq_sigmund, uniq_crazy_yiuf_cottage
D:3:      layout_loops_cross

Skill      XL: |  1  2  3  4 |
---------------+-------------+-----
Dodging        | 2 |  2.5
Polearms       | 2 |  2.9
Invocations    | 2 |  2.4
Fighting       | 3 |  3.0

Action                   |  1- 3 |  4- 6 || total
-------------------------+-------+-------++-------
Melee: Spear             |    68 |    90 ||   158
Invok: Depart the Abyss  |     1 |       ||     1
  Use: Potion            |       |     2 ||     2
 Stab: Sleeping          |       |     2 ||     2
Armor: Robe              |    14 |    30 ||    44
Dodge: Dodged            |    19 |    50 ||    69

Table legend: (Time is in decaauts)
 A = Elapsed time spent in this place.
 B = Non-inter-level travel time spent in this place.
 C = Inter-level travel time spent in this place.
 D = Time resting spent in this place.
 E = Time spent auto-exploring this place.
 F = Levels seen in this place.
 G = Mean time per level.
                   A        B        C        D        E       F      G
               +--------+--------+--------+--------+--------+-----+--------+
         Total |    934 |    904 |     30 |      0 |    613 |   4 |  233.5 |
       Dungeon |    794 |    764 |     30 |      0 |    547 |   3 |  264.7 |
         Abyss |    140 |    140 |      0 |      0 |     66 |   1 |  140.0 |
               +--------+--------+--------+--------+--------+-----+--------+

Top non-repeatable levels by time:
     D:3: 404 daAuts
     D:2: 325 daAuts
 Abyss:1: 140 daAuts
     D:1: 64 daAuts
